TOP OF THE 1ST |
Auburn Doubledays batting - Pitching for Cincinnati (NYP) Reds : RHP Tim Bant
|
Pitching: RHP Tim Bant
|
|
Batting: LHB Mike Condon
|
0-0: Swinging Strike 0-1: Swinging Strike 0-2: Ball 1-2: Foul Ball, location: 2F 1-2: Ball 2-2: Ball 3-2: Foul Ball, location: 2F 3-2: Strikes out swinging
|
Batting: RHB Ryan Hiemer
|
0-0: Ball 1-0: Ball 2-0: Fly out, F9 (Line Drive, 9, EV 95.6 MPH)
|
Batting: LHB John Luke
|
0-0: Ball 1-0: Ball 2-0: Called Strike 2-1: Ground out 3-1 (Groundball, 34, EV 88.1 MPH)
|
Top of the 1st over - 0 runs, 0 hits, 0 errors, 0 left on base; Auburn 0 - Cincinnati (NYP) 0 |
BOTTOM OF THE 1ST |
Cincinnati (NYP) Reds batting - Pitching for Auburn Doubledays : RHP Cory Jones
|
Pitching: RHP Cory Jones
|
|
Batting: RHB Felipe Pineda
|
0-0: Ball 1-0: Ball 2-0: Called Strike 2-1: Ball 3-1: Foul Ball, location: 2F 3-2: SINGLE (Groundball, 6MD, EV 96.2 MPH)
|
Batting: RHB Dave Ruiz
|
0-0: Ball 1-0: Ball 2-0: Ball 3-0: Fly out, F9 (Flyball, 89M, EV 76.2 MPH)
|
Batting: RHB Jamie Ingram
|
0-0: Called Strike Felipe Pineda steals 2nd base 0-1: Foul Ball, location: 2F 0-2: Ball 1-2: Strikes out looking
|
Batting: SHB Jeffrey Louter
|
0-0: Ball 1-0: Ball Wild Pitch! Felipe Pineda to third 2-0: Called Strike 2-1: Swinging Strike 2-2: Ball 3-2: Foul Ball, location: 2F 3-2: Strikes out swinging
|
Bottom of the 1st over - 0 runs, 1 hit, 0 errors, 1 left on base; Auburn 0 - Cincinnati (NYP) 0 |
TOP OF THE 2ND |
Auburn Doubledays batting - Pitching for Cincinnati (NYP) Reds : RHP Tim Bant
|
Batting: SHB Gabe Fraunfelder
|
0-0: Ball 1-0: Ground out U3 (Groundball, 3, EV 102.5 MPH)
|
Batting: RHB Slavik Nebrodov
|
0-0: Ball 1-0: Ball 2-0: Ball 3-0: Called Strike 3-1: Called Strike 3-2: Strikes out looking
|
Batting: RHB Travis Stanley
|
0-0: Ball 1-0: Swinging Strike 1-1: Foul Ball, location: 2F 1-2: Strikes out swinging
|
Top of the 2nd over - 0 runs, 0 hits, 0 errors, 0 left on base; Auburn 0 - Cincinnati (NYP) 0 |
BOTTOM OF THE 2ND |
Cincinnati (NYP) Reds batting - Pitching for Auburn Doubledays : RHP Cory Jones
|
Batting: RHB Kagetoki Kawai
|
0-0: Ground out 5-3 (Groundball, 5S, EV 67.5 MPH)
|
Batting: RHB Bill Hainey
|
0-0: Ball 1-0: Foul Ball, location: 2F 1-1: Swinging Strike 1-2: Foul Ball, location: 2F 1-2: Strikes out swinging
|
Batting: RHB Chae-seong Lee
|
0-0: Ball 1-0: Ball 2-0: Foul Ball, location: 2F 2-1: Fly out, F6 (Line Drive, 6, EV 65.0 MPH)
|
Bottom of the 2nd over - 0 runs, 0 hits, 0 errors, 0 left on base; Auburn 0 - Cincinnati (NYP) 0 |
TOP OF THE 3RD |
Auburn Doubledays batting - Pitching for Cincinnati (NYP) Reds : RHP Tim Bant
|
Batting: SHB Alex Medina
|
0-0: Foul Ball, location: 2F 0-1: Ball 1-1: Ground out 4-3 (Groundball, 13, EV 77.5 MPH)
|
Batting: RHB Joe Klein
|
0-0: Swinging Strike 0-1: Ball 1-1: Ball 2-1: Foul Ball, location: 2F 2-2: Ball 3-2: Fly out, F3 (Popup, 34, EV 76.2 MPH)
|
Batting: RHB David Rojas
|
0-0: Called Strike 0-1: Ball 1-1: Reached on error, E5 (Groundball, 5, EV 105.6 MPH)
|
Batting: LHB Mike Condon
|
0-0: Called Strike 0-1: Ball 1-1: Ground out 4-3 (Groundball, 4, EV 80.6 MPH)
|
Top of the 3rd over - 0 runs, 0 hits, 1 error, 1 left on base; Auburn 0 - Cincinnati (NYP) 0 |
BOTTOM OF THE 3RD |
Cincinnati (NYP) Reds batting - Pitching for Auburn Doubledays : RHP Cory Jones
|
Batting: SHB Miguel Macias
|
0-0: Ground out 6-3 (Groundball, 56, EV 83.1 MPH)
|
Batting: RHB Alfredo Razo
|
0-0: Called Strike 0-1: Swinging Strike 0-2: Strikes out swinging
|
Batting: RHB Felipe Pineda
|
0-0: Foul Ball, location: 2F 0-1: Ball 1-1: Foul Ball, location: 2F 1-2: Ground out 6-3 (Groundball, 6, EV 88.8 MPH)
|
Bottom of the 3rd over - 0 runs, 0 hits, 0 errors, 0 left on base; Auburn 0 - Cincinnati (NYP) 0 |
TOP OF THE 4TH |
Auburn Doubledays batting - Pitching for Cincinnati (NYP) Reds : RHP Tim Bant
|
Batting: RHB Ryan Hiemer
|
0-0: Ball 1-0: Foul Ball, location: 2F 1-1: Foul Ball, location: 2F 1-2: Foul Ball, location: 2F 1-2: Foul Ball, location: 2F 1-2: Ball 2-2: Fly out, F3 (Flyball, 3D, EV 90.6 MPH)
|
Batting: LHB John Luke
|
0-0: Ball 1-0: SINGLE (Groundball, 6MS, EV 68.8 MPH) (infield hit)
|
Batting: SHB Gabe Fraunfelder
|
0-0: Ball 1-0: Called Strike 1-1: Fielders Choice at 2nd, 4-6 (Groundball, 34, EV 98.1 MPH)
|
Batting: RHB Slavik Nebrodov
|
0-0: Ball 1-0: Swinging Strike 1-1: Swinging Strike 1-2: Strikes out swinging
|
Top of the 4th over - 0 runs, 1 hit, 0 errors, 1 left on base; Auburn 0 - Cincinnati (NYP) 0 |
BOTTOM OF THE 4TH |
Cincinnati (NYP) Reds batting - Pitching for Auburn Doubledays : RHP Cory Jones
|
Batting: RHB Dave Ruiz
|
0-0: Ball 1-0: Ball 2-0: Ball 3-0: Called Strike 3-1: Called Strike 3-2: Base on Balls
|
Batting: RHB Jamie Ingram
|
0-0: Called Strike Dave Ruiz steals 2nd base 0-1: Ground out 4-3 (Groundball, 4, EV 85.6 MPH) Dave Ruiz to third
|
Batting: SHB Jeffrey Louter
|
0-0: Called Strike 0-1: Ball 1-1: Called Strike 1-2: Ball 2-2: Foul Ball, location: 2F 2-2: Strikes out swinging
|
Batting: RHB Kagetoki Kawai
|
0-0: Ball 1-0: Ball 2-0: Called Strike 2-1: Ball 3-1: Base on Balls
|
Batting: RHB Bill Hainey
|
0-0: Called Strike 0-1: Swinging Strike 0-2: Ball 1-2: Ground out 6-3 (Groundball, 6, EV 83.8 MPH)
|
Bottom of the 4th over - 0 runs, 0 hits, 0 errors, 2 left on base; Auburn 0 - Cincinnati (NYP) 0 |
TOP OF THE 5TH |
Auburn Doubledays batting - Pitching for Cincinnati (NYP) Reds : RHP Tim Bant
|
Batting: RHB Travis Stanley
|
0-0: Called Strike 0-1: Swinging Strike 0-2: Ball 1-2: Ball 2-2: Ball 3-2: Foul Ball, location: 2F 3-2: Ground out 4-3 (Groundball, 4, EV 85.6 MPH)
|
Batting: SHB Alex Medina
|
0-0: Foul Ball, location: 2F 0-1: Ball 1-1: Foul Ball, location: 2F 1-2: Ground out U3 (Groundball, 3, EV 83.8 MPH)
|
Batting: RHB Joe Klein
|
0-0: Ball 1-0: Reached on error, E5 (Groundball, 5, EV 89.4 MPH)
|
Batting: RHB David Rojas
|
0-0: Ball 1-0: Called Strike 1-1: Foul Ball, location: 2F 1-2: Fielders Choice at 2nd, 6-4 (Groundball, 6, EV 78.1 MPH)
|
Top of the 5th over - 0 runs, 0 hits, 1 error, 1 left on base; Auburn 0 - Cincinnati (NYP) 0 |
BOTTOM OF THE 5TH |
Cincinnati (NYP) Reds batting - Pitching for Auburn Doubledays : RHP Cory Jones
|
Batting: RHB Chae-seong Lee
|
0-0: Ball 1-0: SINGLE (Groundball, 6MD, EV 109.4 MPH)
|
Batting: SHB Miguel Macias
|
0-0: Called Strike 0-1: Foul Ball, location: 2F 0-2: Ball 1-2: Grounds out, U3 (Groundball, 3L, EV 83.1 MPH)
|
Batting: RHB Alfredo Razo
|
0-0: Ball 1-0: Ball 2-0: Swinging Strike 2-1: Ball 3-1: Ground out 4-3 (Groundball, 4, EV 79.4 MPH) Chae-seong Lee to third
|
Batting: RHB Felipe Pineda
|
0-0: Swinging Strike 0-1: Called Strike 0-2: Ground out 5-3 (Groundball, 56S, EV 80.6 MPH)
|
Bottom of the 5th over - 0 runs, 1 hit, 0 errors, 1 left on base; Auburn 0 - Cincinnati (NYP) 0 |
TOP OF THE 6TH |
Auburn Doubledays batting - Pitching for Cincinnati (NYP) Reds : RHP Tim Bant
|
Batting: LHB Mike Condon
|
0-0: Ball 1-0: Foul Ball, location: 2F 1-1: SINGLE (Groundball, 4D, EV 95.0 MPH)
|
Batting: RHB Ryan Hiemer
|
0-0: Ball 1-0: Called Strike 1-1: Swinging Strike 1-2: Ball 2-2: Ball 3-2: Strikes out swinging
|
Batting: LHB John Luke
|
0-0: Called Strike 0-1: Ball 1-1: Swinging Strike 1-2: Fly out, F2 (Popup, 23F, EV 80.6 MPH)
|
Batting: SHB Gabe Fraunfelder
|
0-0: Ball 1-0: Called Strike Mike Condon is caught stealing 2nd base 2-6
|
Top of the 6th over - 0 runs, 1 hit, 0 errors, 0 left on base; Auburn 0 - Cincinnati (NYP) 0 |
BOTTOM OF THE 6TH |
Cincinnati (NYP) Reds batting - Pitching for Auburn Doubledays : RHP Cory Jones
|
Pitching: RHP Luis Galvez
|
|
Batting: RHB Dave Ruiz
|
0-0: Swinging Strike 0-1: Foul Ball, location: 2F 0-2: Ball 1-2: Strikes out swinging
|
Batting: RHB Jamie Ingram
|
0-0: Called Strike 0-1: Foul Ball, location: 2F 0-2: Strikes out swinging, 2-3 out at first.
|
Batting: SHB Jeffrey Louter
|
0-0: Ball 1-0: Foul Ball, location: 2F 1-1: Foul Ball, location: 2F 1-2: Strikes out swinging
|
Bottom of the 6th over - 0 runs, 0 hits, 0 errors, 0 left on base; Auburn 0 - Cincinnati (NYP) 0 |
TOP OF THE 7TH |
Auburn Doubledays batting - Pitching for Cincinnati (NYP) Reds : RHP Tim Bant
|
Pitching: RHP Manuel Avitia
|
|
Batting: SHB Gabe Fraunfelder
|
0-0: Ball 1-0: Ground out 4-3 (Groundball, 4, EV 88.1 MPH)
|
Batting: RHB Slavik Nebrodov
|
0-0: Called Strike 0-1: Swinging Strike 0-2: Strikes out swinging
|
Batting: RHB Travis Stanley
|
0-0: Ball 1-0: Ball 2-0: Called Strike 2-1: Ground out 5-3 (Groundball, 56, EV 81.9 MPH)
|
Top of the 7th over - 0 runs, 0 hits, 0 errors, 0 left on base; Auburn 0 - Cincinnati (NYP) 0 |
BOTTOM OF THE 7TH |
Cincinnati (NYP) Reds batting - Pitching for Auburn Doubledays : RHP Luis Galvez
|
Batting: RHB Kagetoki Kawai
|
0-0: Foul Ball, location: 2F 0-1: Ball 1-1: Ball 2-1: Ball 3-1: Base on Balls
|
Batting: RHB Bill Hainey
|
0-0: Ball Wild Pitch! Kagetoki Kawai to second 1-0: Ball 2-0: Ball 3-0: Base on Balls
|
Batting: RHB Chae-seong Lee
|
0-0: DOUBLE (Line Drive, 3D, EV 102.5 MPH) Kagetoki Kawai scores Bill Hainey to third
|
Batting: SHB Miguel Macias
|
0-0: Called Strike 0-1: Called Strike 0-2: Ball 1-2: Ball 2-2: Strikes out looking
|
Batting: RHB Alfredo Razo
|
0-0: Ball 1-0: 3-RUN HOME RUN (Flyball, 7D, EV 101.2 MPH), Distance : 394 ft
|
Pitching: RHP Felipe Valencia
|
|
Batting: RHB Felipe Pineda
|
0-0: Called Strike 0-1: Foul Ball, location: 2F 0-2: Ball 1-2: Fly out, F8 (Flyball, 89D, EV 87.5 MPH)
|
Batting: RHB Dave Ruiz
|
0-0: Ball 1-0: Called Strike 1-1: Ball 2-1: Called Strike 2-2: Foul Ball, location: 2F 2-2: Ball 3-2: SINGLE (Line Drive, 8RS, EV 112.5 MPH)
|
Batting: RHB Jamie Ingram
|
0-0: Ball Dave Ruiz steals 2nd base 1-0: Ball 2-0: Ball 3-0: Base on Balls
|
Batting: SHB Jeffrey Louter
|
0-0: Called Strike 0-1: Ball 1-1: Foul Ball, location: 2F 1-2: Strikes out swinging
|
Bottom of the 7th over - 4 runs, 3 hits, 0 errors, 2 left on base; Auburn 0 - Cincinnati (NYP) 4 |
TOP OF THE 8TH |
Auburn Doubledays batting - Pitching for Cincinnati (NYP) Reds : RHP Manuel Avitia
|
Batting: SHB Alex Medina
|
0-0: Ball 1-0: Fly out, F5 (Flyball, 5D, EV 77.5 MPH)
|
Batting: RHB Joe Klein
|
0-0: Called Strike 0-1: Called Strike 0-2: Ground out 3-1 (Groundball, 13, EV 79.4 MPH)
|
Batting: RHB David Rojas
|
0-0: Called Strike 0-1: Foul Ball, location: 2F 0-2: Ball 1-2: Ball 2-2: Ball 3-2: Strikes out swinging
|
Top of the 8th over - 0 runs, 0 hits, 0 errors, 0 left on base; Auburn 0 - Cincinnati (NYP) 4 |
BOTTOM OF THE 8TH |
Cincinnati (NYP) Reds batting - Pitching for Auburn Doubledays : RHP Felipe Valencia
|
Pitching: RHP Mike DiFonzo
|
|
Batting: RHB Kagetoki Kawai
|
0-0: Ball 1-0: Foul Ball, location: 2F 1-1: Ball 2-1: Ball 3-1: Ground out 6-3 (Groundball, 6S, EV 65.6 MPH)
|
Batting: RHB Bill Hainey
|
0-0: Called Strike 0-1: Foul Ball, location: 2F 0-2: Ball 1-2: Foul Ball, location: 2F 1-2: Ball 2-2: Foul Ball, location: 2F 2-2: Strikes out swinging passed ball, reaches first!
|
Batting: RHB Chae-seong Lee
|
0-0: Grounds into double play, 6-4-3 (Groundball, 56, EV 105.0 MPH)
|
Bottom of the 8th over - 0 runs, 0 hits, 0 errors, 0 left on base; Auburn 0 - Cincinnati (NYP) 4 |
TOP OF THE 9TH |
Auburn Doubledays batting - Pitching for Cincinnati (NYP) Reds : RHP Manuel Avitia
|
Batting: LHB Mike Condon
|
0-0: Called Strike 0-1: Ball 1-1: Foul Ball, location: 2F 1-2: Foul Ball, location: 2F 1-2: Strikes out swinging
|
Batting: RHB Ryan Hiemer
|
0-0: Ball 1-0: Ball 2-0: Ball 3-0: Called Strike 3-1: Called Strike 3-2: Ground out 1-3 (Groundball, 15S, EV 65.6 MPH)
|
Batting: LHB John Luke
|
0-0: Foul Ball, location: 2F 0-1: Foul Ball, location: 2F 0-2: SINGLE (Groundball, 4, EV 98.1 MPH)
|
Batting: SHB Gabe Fraunfelder
|
0-0: Ball 1-0: Swinging Strike 1-1: Called Strike 1-2: Foul Ball, location: 2F 1-2: Foul Ball, location: 2F 1-2: Ball 2-2: Fly out, F9 (Flyball, 9D, EV 100.0 MPH)
|
Top of the 9th over - 0 runs, 1 hit, 0 errors, 1 left on base; Auburn 0 - Cincinnati (NYP) 4 |
|